 Dungeon Crawl Stone Soup version 0.17.1-1-g73c8601 (webtiles) character file.

217 JustSomeDude the Insei (level 5, -1/49 HPs)
             Began as a Naga Monk on Jan 2, 2016.
             Slain by Edmund
             ... wielding a +2 dire flail of holy wrath
              (9 damage)
             ... on level 4 of the Dungeon.
             The game lasted 00:10:55 (4212 turns).

JustSomeDude the Insei (Naga Monk)                  Turns: 4212, Time: 00:10:56

Health: -1/49      AC: 13    Str: 14    XL:     5   Next: 94%
Magic:  5/5        EV:  2    Int: 10    God:
Gold:   174        SH:  8    Dex: 14    Spells: 0 memorised, 4 levels left

rFire  . . .     SeeInvis +     q - +2 mace (protect)
rCold  . . .     Clarity  .     p - +1 chain mail
rNeg   . . .     SustAt   .     c - +0 shield
rPois  +         Gourm    .     o - +0 helmet
rElec  .         Spirit   .     (no cloak)
rCorr  .         Warding  .     (no gloves)
rMut   .         Stasis   .     (no barding)
MR     .....                    (no amulet)
Stlth  ..........               (no ring)
                                j - ring of wizardry

@: very slow, not resistant to hostile enchantments, extremely unstealthy
A: see invisible, deformed body, poison resistance, slowness 2, slow metabolism
1, spit poison 2, AC +1
a: Spit Poison


You were on level 4 of the Dungeon.
You were not hungry.

You visited 1 branch of the dungeon, and saw 4 of its levels.

You collected 174 gold pieces.

Inventory:

Hand Weapons
 m - a +1 hand axe
 q - a +2 mace of protection (weapon)
Armour
 c - a +0 shield (worn)
 o - a +0 helmet (worn)
 p - a +1 chain mail (worn)
Jewellery
 e - an uncursed ring of positive energy {unknown}
 i - an uncursed ring of see invisible {unknown}
 j - a ring of wizardry (left hand)
 s - a +3 ring of intelligence
 t - a +4 ring of intelligence
Wands
 r - a wand of confusion (48)
Scrolls
 d - 4 scrolls of identify
 h - 2 scrolls of remove curse
Books
 l - a book of Changes

   Spells                             Type                      Level
   a - Beastly Appendage              Transmutation                1
   b - Sticks to Snakes               Transmutation                2
   c - Spider Form                    Transmutation/Poison         3
   d - Ice Form                       Ice/Transmutation            4
   e - Blade Hands                    Transmutation                5
Comestibles
 b - 4 bread rations
 f - a slice of pizza
 k - 2 beef jerkies
 u - 7 fruits


   Skills:
 + Level 3.5 Fighting
 + Level 1.2 Axes
 + Level 0.2(0.7) Maces & Flails
 + Level 1.7 Armour
 + Level 3.1 Dodging
 + Level 3.7 Stealth
 + Level 1.9 Shields
 + Level 4.4 Unarmed Combat


You had 4 spell levels left.
You didn't know any spells.

Dungeon Overview and Level Annotations

Branches:
Dungeon (4/15)
 Temple: D:4-7

Altars:
Kikubaaqudgha
Nemelex Xobeh

Annotations:
D:4 Edmund


Innate Abilities, Weirdness & Mutations

You cannot wear boots.
Your serpentine skin is tough (AC +1).
You have supernaturally acute eyesight.
Armour fits poorly on your strangely shaped body.
Your system is resistant to poisons.
You cover ground very slowly.
You have a slow metabolism.
You can spit poison.


Message History

Edmund hits you with a dire flail of holy wrath.
You hit Edmund.
Edmund is moderately wounded.
Edmund hits you with a dire flail of holy wrath.
* * * LOW HITPOINT WARNING * * *
Edmund barely misses you.
You closely miss Edmund.
Edmund is moderately wounded.
Edmund hits you but does no damage.
You hit Edmund but do no damage.
Edmund is moderately wounded.
Edmund hits you with a dire flail of holy wrath.
* * * LOW HITPOINT WARNING * * *
You hit Edmund.
Edmund is heavily wounded.
Edmund hits you but does no damage.
You completely miss Edmund.
Edmund is heavily wounded.
Edmund hits you with a dire flail of holy wrath!
You die...

#############
#......@@...#
#%####.####.# #.#
#.# #.#
#########.######
.............(...
...##############


You could see Edmund.

Vanquished Creatures
  Terence (D:2)
  Natasha (thrice) (D:2)
  4 gnolls (D:3)
  3 adders
  An ooze (D:2)
  3 worms
  4 orcs (D:3)
  A ball python (D:3)
  8 bats
  4 giant cockroaches
  10 hobgoblins
  7 jackals
  A quokka (D:2)
  2 giant geckos
  5 giant newts
  5 goblins
  11 kobolds
  5 rats
78 creatures vanquished.

Vanquished Creatures (others)
  A human (D:3)
1 creature vanquished.

Grand Total: 79 creatures vanquished

Notes
Turn   | Place    | Note
--------------------------------------------------------------
     0 | D:1      | JustSomeDude the Naga Monk began the quest for the Orb.
     0 | D:1      | Reached XP level 1. HP: 21/21 MP: 1/1
   299 | D:1      | Reached XP level 2. HP: 28/28 MP: 2/2
   884 | D:1      | Reached XP level 3. HP: 13/34 MP: 3/3
  1223 | D:2      | Noticed Natasha
  1250 | D:2      | Killed Natasha
  1250 | D:2      | Reached skill level 1 in Shields
  1250 | D:2      | Reached XP level 4. HP: 30/42 MP: 4/4
  1494 | D:2      | Noticed Natasha
  1499 | D:2      | Killed Natasha
  1882 | D:2      | Noticed Terence
  1923 | D:2      | Killed Terence
  1923 | D:2      | Reached skill level 1 in Armour
  1995 | D:2      | Noticed Natasha
  2002 | D:2      | Killed Natasha
  2002 | D:2      | Reached XP level 5. HP: 8/49 MP: 5/5
  2261 | D:2      | Found a sparkling altar of Nemelex Xobeh.
  2965 | D:3      | Reached skill level 1 in Axes
  3309 | D:3      | Found an ancient bone altar of Kikubaaqudgha.
  3309 | D:3      | Noticed a human
  3311 | D:3      | Killed a human
  4176 | D:4      | Noticed Edmund
  4212 | D:4      | Slain by Edmund

Action                   |  1- 3 |  4- 6 || total
-------------------------+-------+-------++-------
Melee: Unarmed           |    59 |       ||    59
       Mace              |    20 |    80 ||   100
       Hand axe          |       |   215 ||   215
  Use: Potion            |     4 |     2 ||     6
       Scroll            |       |     7 ||     7
 Stab: Sleeping          |     6 |       ||     6
  Eat: Meat ration       |       |     2 ||     2
       Chunk             |       |     1 ||     1
